 Dungeon Crawl Stone Soup version 0.24-a0-459-g225fefd530 (webtiles) character file.

Game seed: 7804044153439772568

96 Mrkan the Skirmisher (level 4, 0/40 HPs)
             Began as a Ghoul Fighter on June 28, 2019.
             Slain by a leopard gecko (3 damage)
             ... on level 3 of the Dungeon.
             The game lasted 00:02:33 (1612 turns).

Mrkan the Skirmisher (Ghoul Fighter)                Turns: 1612, Time: 00:02:33

Health: 0/40       AC:  6    Str: 19    XL:     4   Next: 67%
Magic:  3/3        EV:  7    Int:  4    God:
Gold:   103        SH:  8    Dex:  8    Spells: 3/3 levels left

rFire    . . .     SeeInvis .   a - +0 flail
rCold    + . .     Gourm    .   c - +0 shield
rNeg     + + +     Faith    .   b - +0 scale mail
rPois    ∞         Spirit   .   (no helmet)
rElec    .         Reflect  .   (no cloak)
rCorr    .         Harm     .   (no gloves)
MR       .....                  (no boots)
Stlth    ..........             (no amulet)
HPRegen  0.00/turn              (no ring)
MPRegen  0.08/turn              (no ring)

@: rotting
A: rotting body, claws 1, carnivore, cold resistance 1, negative energy
resistance 3, inhibited regeneration, torment resistance, unbreathing
a: no special abilities


You were on level 3 of the Dungeon.
You were not hungry.

You visited 1 branch of the dungeon, and saw 3 of its levels.

You collected 103 gold pieces.

Inventory:

Hand Weapons
 a - a +0 flail (weapon)
Armour
 b - a +0 scale mail (worn)
 c - a +0 shield (worn)
Jewellery
 g - an uncursed ring of stealth {unknown}
 i - an uncursed ring of protection from fire {unknown}
Scrolls
 h - 4 scrolls of identify {unknown}
 l - a scroll of fear {unknown}
 m - a scroll of noise {unknown}
 n - 2 scrolls of teleportation {unknown}
 p - a scroll of immolation {unknown}
Potions
 d - a potion of might
 e - 2 potions of flight {unknown}
 j - a potion of ambrosia {unknown}
 k - 3 potions of curing {unknown}
Comestibles
 f - 7 rations
 o - 5 chunks of flesh


   Skills:
 + Level 4.0 Fighting
 * Level 3.2 Maces & Flails
 - Level 2.6 Armour
 + Level 3.3 Shields


You had 3 spell levels left.
You didn't know any spells.
Your spell library was empty.

Dungeon Overview and Level Annotations

Branches:
Dungeon (3/15)

Altars:
Elyvilon
Qazlal
Xom
Zin

Annotations:
D:3 2 transporters


Innate Abilities, Weirdness & Mutations

Your body is rotting away.
You thrive on raw meat.
You are immune to poison.
You have sharp fingernails.
You are carnivorous and can eat meat at any time.
Your flesh is cold resistant. (rC+)
You are immune to negative energy. (rN+++)
You do not regenerate when monsters are visible.
You are immune to unholy pain and torment.
You can survive without breathing.


Message History

You closely miss the phantom.
The phantom is lightly damaged.
You block the leopard gecko's attack. The phantom hits you.
* * * LOW HITPOINT WARNING * * *
The leopard gecko barely misses you.
You barely miss the phantom.
The phantom is lightly damaged.
The leopard gecko bites you but does no damage.
The phantom hits you but does no damage.
You block the phantom's attack. You block the leopard gecko's attack.
You hit the phantom.
The phantom is moderately damaged.
You block the leopard gecko's attack. The phantom hits you!
* * * LOW HITPOINT WARNING * * *
The phantom blinks!
The phantom blinks!
The leopard gecko barely misses you.
You miss the leopard gecko. The leopard gecko closely misses you.
You closely miss the leopard gecko. You block the leopard gecko's attack.
The leopard gecko bites you.
You die...

#.....####
#.........
#.........
#.........
#.........
......... #........
######..........
#@l............#
#.####.####....##
#.# #....#.....##
#.# ##....#......#
##.###.....#.......
#......_...........
#..#.....###.......
#..#....## #....##.
#..#....# #...)#..


You could see a leopard gecko.

Vanquished Creatures
  A hound (D:3)
  2 adders (D:2)
  An ooze (D:3)
  2 worms (D:2)
  2 leopard geckos
  4 bats
  A giant cockroach (D:2)
  5 goblins
  5 hobgoblins
  2 jackals (D:2)
  3 frilled lizards
  4 kobolds
  7 rats
39 creatures vanquished.

Notes
Turn   | Place    | Note
-------+----------+-------------------------------------------
     0 | D:1      | Mrkan the Ghoul Fighter began the quest for the Orb.
     0 | D:1      | Reached XP level 1. HP: 19/19 MP: 0/0
   247 | D:1      | Reached XP level 2. HP: 26/26 MP: 1/1
   916 | D:2      | Reached XP level 3. HP: 24/31 MP: 2/2
   984 | D:2      | Found a shimmering altar of Xom.
   984 | D:2      | Found a stormy altar of Qazlal.
  1381 | D:2      | Found a white marble altar of Elyvilon.
  1443 | D:3      | Found a transporter.
  1451 | D:3      | Found a transporter.
  1460 | D:3      | Reached XP level 4. HP: 35/40 MP: 3/3
  1488 | D:3      | Noticed a hungry ghost
  1500 | D:3      | Reached skill level 4 in Fighting
  1540 | D:3      | Noticed a phantom
  1572 | D:3      | Found a glowing silver altar of Zin.
  1612 | D:3      | Slain by a leopard gecko

Levels and vault maps discovered:
D:1:      dpeg_arrival_rooms_b, layout_basic, minmay_misc_feat_columns,
          roderic_filled_cross
D:2:      layout_loops_ring, gammafunk_temple_overflow_elements,
          lemuel_round_altar, first_ration
D:3:      layout_rooms, gammafunk_temple_of_torment,
          nicolae_overflow_crystal_walls

Skill      XL: |  1  2  3  4 |
---------------+-------------+-----
Maces & Flails | 2 3 |  3.2
Shields        | 3 |  3.3
Fighting       | 4 |  4.0
Armour         | |  2.6

Action                   |  1- 3 |  4- 6 || total
-------------------------+-------+-------++-------
Melee: Flail             |   121 |    43 ||   164
  Eat: Chunk             |     6 |     2 ||     8
Armor: Scale mail        |    58 |    23 ||    81
Dodge: Dodged            |    46 |    11 ||    57
Block: Shield            |    73 |    25 ||    98

Table legend:
 A = Non-vault XP
 B = Vault XP
 C = Vault XP percentage of total XP
 D = Non-vault monster count
 E = Vault monster count
 F = Vault count percentage of total count
                 A         B        C        D         E       F
            +---------+---------+-------+---------+---------+-------
      Total |     138 |       0 |   0.0 |      39 |       0 |   0.0
            +---------+---------+-------+---------+---------+-------
        D:1 |      18 |       0 |   0.0 |      12 |       0 |   0.0
        D:2 |      59 |       0 |   0.0 |      16 |       0 |   0.0
        D:3 |      61 |       0 |   0.0 |      11 |       0 |   0.0
            +---------+---------+-------+---------+---------+-------
